 Dungeon Crawl Stone Soup version 0.23.2-1-ga50397a (webtiles) character file.

Game seed: 15607996573424930433

58 doot the Grasshopper (level 3, 0/18 HPs)
             Began as a Spriggan Warper on May 4, 2019.
             Succumbed to a worker ant's poison
             ... on level 4 of the Dungeon.
             The game lasted 00:08:28 (3667 turns).

doot the Grasshopper (Spriggan Warper)              Turns: 3667, Time: 00:08:28

Health: 0/18       AC:  3    Str:  7    XL:     3   Next: 76%
Magic:  7/8        EV: 19    Int: 15    God:
Gold:   199        SH:  0    Dex: 15    Spells: 0/7 levels left

rFire    . . .     SeeInvis +   n - +0 rapier
rCold    + . .     Gourm    .   (shield restricted)
rNeg     . . .     Faith    .   o - +1 robe {rC+}
rPois    .         Spirit   .   (helmet restricted)
rElec    .         Reflect  .   (no cloak)
rCorr    .         Harm     .   (gloves unavailable)
MR       .....                  (boots unavailable)
Stlth    ++........             (no amulet)
HPRegen  0.06/turn              (no ring)
MPRegen  0.11/turn              (no ring)

@: lethally poisoned (0 -> -16), very quick
A: very small, unfitting armour, see invisible, herbivore, speed 3, slow
metabolism 2
a: no special abilities


You were on level 4 of the Dungeon.
You were not hungry.

You visited 1 branch of the dungeon, and saw 4 of its levels.

You collected 199 gold pieces.

Inventory:

Hand Weapons
 a - a +0 short sword
 n - a +0 rapier (weapon)
Missiles
 p - 5 tomahawks (quivered)
Armour
 b - a +0 robe
 o - a +1 robe of cold resistance (worn)
Scrolls
 c - a scroll of random uselessness {unknown}
 d - a scroll of blinking
 g - a scroll of amnesia {unknown}
 h - 2 scrolls of magic mapping {unknown}
 i - 3 scrolls of identify {unknown}
 j - 3 scrolls of enchant armour {unknown}
 k - a scroll of immolation {unknown}
 m - a scroll of teleportation {unknown}
 q - a scroll of enchant weapon {unknown}
Potions
 e - a potion of ambrosia {unknown}
 l - a potion of curing
Comestibles
 f - 2 rations


   Skills:
 + Level 1.8 Fighting
 + Level 2.8 Short Blades
 + Level 1.1 Throwing
 + Level 4.3 Dodging
 * Level 2.7 Stealth
 + Level 2.8 Spellcasting
 * Level 0.5 Hexes
 + Level 4.5 Translocations


You couldn't memorise any spells.
You knew the following spells:

 Your Spells              Type           Power        Failure   Level  Hunger
a - Blink                 Tloc           N/A          4%          2    ##.....
b - Ensorcelled Hibernat  Hex/Ice        #.....       28%         2    ##.....
c - Confuse               Hex            #.......     45%         3    ###....

Your spell library contained the following spells:

 Spells                   Type           Power        Failure   Level  Hunger
 Gell's Gravitas          Tloc           ###.......   10%         3    ###....
 Lesser Beckoning         Tloc           ###.......   10%         3    ###....
 Teleport Other           Tloc           ###.....     10%         3    ###....
 Shroud of Golubria       Chrm/Tloc      #.........   12%         2    ##.....
 Corona                   Hex            #......      17%         1    #......
 Passage of Golubria      Tloc           N/A          32%         4    #####..
 Tukima's Dance           Hex            #.......     45%         3    ###....
 Dazzling Spray           Conj/Hex       #.....       50%         3    ###....


Dungeon Overview and Level Annotations

Branches:
Dungeon (4/15)             Temple (0/1) D:4

Altars:
Makhleb
Qazlal
Ru
Vehumet

Annotations:
D:4 Menkaure


Innate Abilities, Weirdness & Mutations

You are very small and have problems with some larger weapons.
You are too small for most types of armour.
You have supernaturally acute eyesight. (SInv)
You are a herbivore.
You cover ground extremely quickly.
You need to consume almost no food.


Message History

The worker ant is almost dead.
The worker ant closely misses you.
You hit the worker ant but do no damage.
The worker ant is almost dead.
The worker ant bites you!
You are poisoned.
The worker ant poisons you! The worker ant completely misses you.
You hit the worker ant but do no damage.
The worker ant is almost dead.
You feel sick. The worker ant closely misses you.
Unknown command.
You barely miss the worker ant.
The worker ant is almost dead.
The worker ant bites you.
* * * LOW HITPOINT WARNING * * *
You are more poisoned.
The worker ant poisons you!
You barely miss the worker ant.
The worker ant is severely wounded.
You die...

##.#.####.......## #..#...#
##....###.........####......#
#.......'.........'...<.......
##....###.........####........
##.#.# ##.......## #..#.###.
###.# ##.....## #.##.# #.#
##...## #.# .# #.# ##'## #.#
.# ... #@# #.. #.# #a# ## ###
#.# ... ... ....# ...## ....#


You could see a worker ant.

Vanquished Creatures
  An adder (D:3)
  An ooze (D:1)
  An adder skeleton (D:4)
  A worm (D:2)
  A leopard gecko (D:1)
  An orc (D:4)
  3 ball pythons
  5 bats
  A giant cockroach (D:2)
  2 goblins
  5 hobgoblins
  2 kobolds
  2 quokkas (D:3)
  5 frilled lizards
  7 rats
38 creatures vanquished.

Notes
Turn   | Place    | Note
-------+----------+-------------------------------------------
     0 | D:1      | doot the Spriggan Warper began the quest for the Orb.
     0 | D:1      | Reached XP level 1. HP: 10/10 MP: 5/5
   388 | D:1      | Reached XP level 2. HP: 9/15 MP: 6/6
   498 | D:1      | Learned a level 2 spell: Blink
   663 | D:1      | Reached skill level 1 in Stealth
  1774 | D:3      | Learned a level 2 spell: Ensorcelled Hibernation
  1858 | D:3      | Reached XP level 3. HP: 18/18 MP: 8/8
  2115 | D:3      | Found a sacrificial altar of Ru.
  2232 | D:3      | Found a radiant altar of Vehumet.
  2234 | D:3      | Found a sacrificial altar of Ru.
  2502 | D:4      | Found a burning altar of Makhleb.
  2560 | D:4      | Found a stormy altar of Qazlal.
  2649 | D:4      | Found a staircase to the Ecumenical Temple.
  2863 | D:4      | Noticed Menkaure
  2964 | D:4      | Learned a level 3 spell: Confuse
  3442 | D:2      | Found a faded altar of an unknown god.
  3667 | D:4      | Succumbed to a worker ant's poison

Skill      XL: |  1  2  3 |
---------------+----------+-----
Dodging        | 4 |  4.3
Stealth        | 1 2 |  2.7
Fighting       | |  1.8
Short Blades   | |  2.8
Throwing       | |  1.1
Spellcasting   | |  2.8
Hexes          | |  0.5
Translocations | |  4.5

Action                   || total
-------------------------++-------
Melee: Short sword       ||    78
       Rapier            ||    60
Throw: Tomahawk          ||     5
 Cast: Ensorcelled Hiber ||    22
       Blink             ||     1
       Confuse           ||     3
  Use: Scroll            ||     1
       Potion            ||     1
 Stab: Sleeping          ||    15
  Eat: Ration            ||     1
Armor: Robe              ||    11
Dodge: Dodged            ||   128
